Map: [ESL] Data-C

Players

GunGFuBanDa

  • Race: Protoss Protoss
  • Spawn Location: 9:00

MaxPax - Winner!

  • Race: Protoss Protoss
  • Spawn Location: 3:00

Event: DreamHack SC2 Masters 2022 Atlanta (Online)

VOD

Have the link to the VOD?

Description

Time

  • Played on: Oct. 9, 2022, 1:16 p.m.
  • Length: 12:25

All games in this series

Show
View Real Time Build Order
Export as new Build Order

GunGFuBanDa Protoss 

Build Orders: Oracle Opening 

Get SALT Encoding   

  12  0:00  Probe  
  13  0:12  Probe  
  14  0:17  Pylon  
  14  0:24  Probe (Chrono Boost)  
  15  0:36  Probe (Chrono Boost)  
  15  0:38  Gateway  
  16  0:45  Probe (Chrono Boost)  
  16  0:46  Assimilator  
  17  0:51  Probe  
  17  0:55  Assimilator  
  18  1:03  Probe (Chrono Boost)  
  19  1:10  Pylon  
  19  1:15  Probe (Chrono Boost)  
  20  1:22  Probe (Chrono Boost)  
  20  1:25  Cybernetics Core  
  21  1:29  Probe  
  22  1:33  Zealot  
  24  1:45  Probe  
  25  1:57  Probe  
  26  2:02  Adept (Chrono Boost)  
  28  2:08  Pylon  
  28  2:12  Stargate  
  28  2:15  Probe  
  29  2:24  Adept  
  29  2:28  Shield Battery  
  31  2:31  Shield Battery  
  30  2:40  Probe  
  30  2:42  Warp Gate  
  29  2:59  Oracle (Chrono Boost)  
  32  3:09  Nexus  
  32  3:21  Gateway  
  32  3:26  Gateway  
  32  3:38  Probe  
  33  3:44  Twilight Council  
  33  3:50  Probe  
  34  4:02  Probe  
  35  4:14  Probe (Chrono Boost)  
  36  4:22  Blink (Chrono Boost)  
  36  4:25  Probe (Chrono Boost)  
  36  4:31  Stalker x3  
  40  4:32  Probe (Chrono Boost)  
  40  4:34  Probe (Chrono Boost)  
  46  4:39  Probe (Chrono Boost)  
  46  4:40  Probe (Chrono Boost)  
  47  4:50  Probe  
  46  4:57  Stalker x3  
  46  4:58  Probe  
  50  5:02  Probe  
  51  5:07  Pylon  
  51  5:12  Probe, Pylon  
  52  5:14  Probe  
  53  5:24  Probe  
  53  5:26  Probe  
  54  5:30  Robotics Facility  
  51  5:37  Probe, Stalker x2  
  51  5:38  Stalker  
  51  5:42  Probe  
  55  5:49  Probe  
  56  5:56  Nexus  
  56  5:58  Probe  
  56  6:01  Probe  
  58  6:06  Assimilator  
  58  6:10  Probe  
  59  6:13  Probe  
  59  6:17  Pylon  
  60  6:22  Probe  
  60  6:25  Observer  
  62  6:31  Shield Battery  
  62  6:35  Probe (Chrono Boost)  
  62  6:36  Probe (Chrono Boost)  
  62  6:37  Forge  
  65  6:48  Probe x2 (Chrono Boost)  
  65  6:53  Pylon  
  65  6:54  Probe x2 (Chrono Boost)  
  65  6:55  Stalker  
  69  7:02  Gateway  
  69  7:03  Probe (Chrono Boost)  
  69  7:04  Pylon  
  69  7:06  Protoss Ground Weapons Level 1 (Chrono Boost)  
  69  7:08  Observer  
  72  7:10  Probe (Chrono Boost)  
  72  7:12  Observer, Probe (Chrono Boost)  
  72  7:13  Stalker  
  72  7:14  Stalker  
  72  7:15  Pylon  
  78  7:20  Probe x2 (Chrono Boost)  
  80  7:23  Probe (Chrono Boost)  
  80  7:28  Probe (Chrono Boost)  
  82  7:30  Probe (Chrono Boost)  
  82  7:32  Probe (Chrono Boost)  
  84  7:39  Probe (Chrono Boost)  
  84  7:40  Probe (Chrono Boost)  
  84  7:41  Probe (Chrono Boost)  
  84  7:43  Photon Cannon  
  85  7:46  Probe  
  85  7:47  Stalker x3  
  85  7:49  Probe  
  85  7:50  Probe  
  85  7:51  Charge (Chrono Boost)  
  94  8:01  Probe, Pylon  
  95  8:12  Shield Battery  
  93  8:15  Photon Cannon, Pylon  
  93  8:18  Stalker x4  
  101  8:24  Gateway  
  101  8:25  Gateway  
  100  8:28  Cybernetics Core  
  99  8:41  Zealot x2  
  99  8:42  Zealot x2  
  105  9:01  Probe  
  106  9:04  Cybernetics Core, Protoss Ground Weapons Level 2 (Chrono Boost)  
  106  9:05  Stalker x2  
  106  9:06  Stalker x2, Pylon  
  106  9:07  Observer  
  115  9:11  Nexus  
  95  9:24  Zealot  
  95  9:25  Zealot  
  92  9:31  Zealot x4  
  92  9:33  Probe  
  101  9:45  Probe x3 (Chrono Boost)  
  74  9:55  Stalker x5  
  74  9:57  Probe x2 (Chrono Boost)  
  87  10:03  Probe (Chrono Boost)  
  87  10:06  Probe x2 (Chrono Boost)  
  87  10:08  Observer  
  87  10:10  Probe (Chrono Boost)  
  87  10:11  Probe x2  
  90  10:21  Probe  
  90  10:23  Gateway, Stalker x2, Probe  
  90  10:24  Probe, Stalker, Gateway  
  90  10:28  Gateway, Pylon  
  99  10:30  Probe  
  99  10:33  Probe  
  99  10:35  Probe, Stalker x2  
  103  10:36  Probe  
  103  10:42  Photon Cannon, Probe  
  108  10:45  Probe  
  108  10:48  Probe  
  98  11:05  Probe x2  
  98  11:06  Stalker x5  
  110  11:13  Photon Cannon  
  110  11:16  Shield Battery  
  110  11:18  Zealot  
  110  11:25  Stalker x2  
  108  11:27  Photon Cannon  
  102  11:33  Zealot  
  102  11:34  Zealot x4  
  105  11:49  Shield Battery  
  105  11:50  Gateway  
  79  12:03  Stalker x3  
  75  12:22  Stalker x4  
Show
View Real Time Build Order
Export as new Build Order

MaxPax Protoss - Winner!

Build Orders: Phoenix Opening, Archon Immortal 

Get SALT Encoding   

  12  0:00  Probe  
  13  0:12  Probe  
  14  0:19  Pylon  
  14  0:24  Probe  
  15  0:37  Probe (Chrono Boost)  
  15  0:39  Gateway  
  16  0:46  Probe (Chrono Boost)  
  16  0:47  Assimilator  
  17  0:51  Probe (Chrono Boost)  
  18  1:03  Probe  
  19  1:16  Probe (Chrono Boost), Assimilator  
  19  1:17  Pylon  
  20  1:25  Probe (Chrono Boost)  
  21  1:27  Cybernetics Core  
  21  1:30  Probe (Chrono Boost)  
  22  1:42  Probe  
  25  1:54  Probe  
  26  2:04  Nexus  
  24  2:09  Pylon  
  24  2:11  Adept (Chrono Boost)  
  26  2:21  Stargate  
  26  2:27  Probe  
  27  2:37  Shield Battery, Adept  
  28  2:44  Shield Battery  
  28  2:50  Probe  
  29  3:02  Probe  
  29  3:03  Shield Battery  
  28  3:08  Phoenix (Chrono Boost)  
  30  3:14  Probe  
  30  3:18  Probe  
  32  3:25  Phoenix (Chrono Boost)  
  34  3:29  Warp Gate  
  34  3:31  Probe  
  35  3:34  Probe  
  36  3:43  Probe (Chrono Boost)  
  37  3:48  Phoenix  
  37  3:53  Probe (Chrono Boost)  
  41  4:01  Probe (Chrono Boost)  
  42  4:03  Probe (Chrono Boost)  
  42  4:05  Pylon  
  42  4:08  Probe x2 (Chrono Boost)  
  44  4:13  Phoenix  
  46  4:21  Probe x2  
  45  4:33  Probe  
  45  4:35  Robotics Facility  
  45  4:37  Probe, Gateway  
  45  4:42  Oracle (Chrono Boost)  
  49  4:45  Probe  
  49  4:49  Probe  
  51  5:00  Forge  
  51  5:01  Probe (Chrono Boost)  
  51  5:02  Probe (Chrono Boost)  
  52  5:10  Probe (Chrono Boost)  
  52  5:12  Probe (Chrono Boost)  
  52  5:13  Assimilator  
  54  5:14  Assimilator, Pylon  
  54  5:16  Pylon  
  54  5:32  Immortal (Chrono Boost), Probe x2  
  60  5:37  Protoss Ground Weapons Level 1  
  60  5:42  Sentry  
  60  5:45  Pylon  
  60  5:48  Pylon  
  60  5:50  Twilight Council  
  60  5:52  Gateway  
  60  5:53  Pylon  
  60  5:55  Sentry, Pylon  
  62  5:57  Probe  
  62  5:58  Probe  
  64  6:04  Gateway  
  64  6:10  Immortal (Chrono Boost)  
  68  6:15  Stalker  
  70  6:22  Stalker  
  72  6:31  Charge  
  72  6:34  Nexus  
  72  6:44  Templar Archives, Probe x2  
  72  6:46  Observer (Chrono Boost), Pylon  
  75  6:56  Probe x2  
  75  6:59  Warp Prism (Chrono Boost)  
  79  7:08  Zealot x2, Probe x2  
  85  7:10  Zealot  
  85  7:14  Zealot  
  89  7:20  Probe x2  
  91  7:25  Gateway  
  91  7:27  Gateway  
  91  7:32  Probe x2  
  93  7:39  High Templar x4  
  101  7:44  Probe  
  101  7:45  Archon x2  
  101  7:46  Probe  
  101  7:47  Protoss Ground Weapons Level 2 (Chrono Boost)  
  101  7:49  Probe  
  104  7:57  Probe  
  105  7:58  Pylon  
  105  8:11  Zealot x4  
  113  8:13  Probe  
  113  8:16  Gateway  
  113  8:18  Gateway  
  111  8:20  Probe x2  
  111  8:26  Zealot x2, Pylon  
  117  8:29  Assimilator x2  
  117  8:32  Zealot x3  
  117  8:33  Zealot  
  117  8:48  Zealot x2  
  117  8:51  Probe  
  117  8:55  Probe  
  115  8:56  Immortal, Blink (Chrono Boost)  
  115  8:57  Probe  
  115  8:59  Zealot x4  
  126  9:11  Pylon  
  124  9:21  Zealot x8  
  134  9:28  Probe  
  134  9:30  Probe  
  132  9:33  Nexus  
  110  9:47  Probe  
  99  9:54  Immortal (Chrono Boost)  
  99  9:57  High Templar x3  
  99  9:58  High Templar  
  99  9:59  Stalker x4  
  111  10:01  Probe  
  111  10:02  Probe  
  111  10:03  Archon x2  
  107  10:10  Photon Cannon  
  107  10:11  Probe  
  104  10:17  Probe x2  
  106  10:22  Warp Prism (Chrono Boost)  
  106  10:27  Dark Shrine  
  109  10:30  Stalker x2  
  109  10:33  Stalker  
  109  10:34  High Templar x2  
  118  10:38  Archon  
  118  10:39  Zealot x2  
  118  10:42  Zealot  
  124  10:44  Observer, Probe  
  124  10:50  Probe  
  124  10:57  Stalker x3  
  124  10:59  Probe  
  124  11:04  Probe  
  124  11:09  Probe  
  125  11:14  Zealot x2  
  125  11:15  Zealot x3  
  134  11:20  Zealot x3  
  140  11:31  Immortal  
  142  11:39  Zealot x3  
  137  11:40  Stalker x5  
  137  11:41  Stalker  
  137  11:42  Pylon  
  137  11:44  Pylon  
  137  12:03  Zealot x8  
  151  12:09  Probe  
  145  12:25  Nexus  
Tags
 
Add a new tag
Caveats
  • Supply blocks, unpowered buildings, or Contaminate may cause inaccurate times.
  • Supply counts are checked every 10 seconds.